 Dungeon Crawl Stone Soup version 0.21-a0-286-g6fcecc0 (webtiles) character file.

103 aspa the Magician (level 4, -8/27 HPs)
             Began as an Octopode Wizard on Sept 25, 2017.
             Killed by divine providence
             ... invoked by an orc priest
              (13 damage)
             ... on level 3 of the Dungeon.
             The game lasted 00:08:13 (2206 turns).

aspa the Magician (Octopode Wizard)                 Turns: 2206, Time: 00:08:13

Health: -8/27      AC:  1    Str:  6    XL:     4   Next: 79%
Magic:  15/19      EV: 18    Int: 21    God:
Gold:   102        SH:  3    Dex: 15    Spells: 0/11 levels left

rFire    . . .     SeeInvis .   o - -1 whip (curse)
rCold    . . .     Gourm    .   (no shield)
rNeg     . . .     Faith    .   q - +0 hat
rPois    .         Spirit   .   j - +3 amulet of reflection
rElec    .         Reflect  +   (no ring)
rCorr    .         Harm     .   m - ring of magical power
MR       .....                  (no ring)
Stlth    ++++......             (no ring)
HPRegen  0.09/turn              (no ring)
MPRegen  0.16/turn              (no ring)
                                (no ring)
                                (no ring)

@: agile
A: almost no armour, stealthy swim, amphibious, 8 rings, constrict 8, camouflage
1, gelatinous body 1
a: no special abilities


You were on level 3 of the Dungeon.
You were not hungry.

You visited 1 branch of the dungeon, and saw 3 of its levels.

You collected 102 gold pieces.

Inventory:

Hand Weapons
 a - a +0 dagger of venom
 b - a +0 spear
 o - a cursed -1 whip (weapon)
Armour
 q - a +0 hat (worn)
Jewellery
 j - a +3 amulet of reflection (around mantle)
 m - a ring of magical power (right tentacle)
 p - an uncursed amulet of faith
Scrolls
 d - 2 scrolls of remove curse
Potions
 e - a potion of flight
 k - a potion of invisibility {unknown}
 l - a potion of curing {unknown}
Books
 n - a book of Minor Magic

   Spells                             Type                      Level
   a - Magic Dart                     Conjuration                  1
   b - Blink                          Translocation                2
   c - Call Imp                       Summoning                    2
   d - Slow                           Hexes                        2
   e - Conjure Flame                  Conjuration/Fire             3
   f - Mephitic Cloud                 Conjuration/Poison/Air       3
Comestibles
 c - a bread ration
 f - a chunk of flesh
 i - a meat ration


   Skills:
 - Level 2.0 Dodging
 - Level 2.6 Stealth
 + Level 4.4 Spellcasting
 * Level 2.6 Conjurations
 - Level 1.0 Summonings
 + Level 1.0 Translocations


You couldn't memorise any spells.
You knew the following spells:

 Your Spells              Type           Power        Failure   Level  Hunger
a - Magic Dart            Conj           ###.         4%          1    None
b - Call Imp              Summ           #.......     12%         2    #......
c - Mephitic Cloud        Conj/Pois/Air  #.......     24%         3    ##.....
d - Blink                 Tloc           N/A          12%         2    #......
f - Conjure Flame         Conj/Fire      ##......     21%         3    ##.....


Dungeon Overview and Level Annotations

Branches:
Dungeon (3/15)

Altars:

Annotations:
D:3 Natasha


Innate Abilities, Weirdness & Mutations

You cannot wear most types of armour.
You are very stealthy in the water. (Stealth+)
You are amphibious.
You can wear up to eight rings at the same time.
You can use your tentacles to constrict eight enemies at once.
Your skin changes colour to match your surroundings (Stealth+).
Your rubbery body absorbs attacks. (AC +1, EV +1)


Message History

You swap places.
The orc priest shouts!
The orc hits your white imp.
Your white imp dies!
As you read the scroll labeled PUTEAR CUKHLA, it crumbles to dust.
You feel strangely unstable.
It was a scroll of teleportation.
The orc hits you but does no damage. The rat barely misses you.
Casting: Magic Dart
Confirm with . or Enter, or press ? or * to list all spells.
You blink.
It was a potion of agility.
You feel agile all of a sudden.
Your surroundings seem slightly different.
The shadow imp gestures at you. Pain shoots through your body!
* * * LOW HITPOINT WARNING * * *
The crimson imp blinks!
The orc priest invokes the aid of Beogh against you.
Beogh smites you!
You die...

.##
##.....?....###.#..##
. .#
..[.......o..##..5.##
# .#
##....##o#o.....#....#
####.##o§...o######.#
#...o####...### ...
####o# ###...# ##..
#r# #... #
######.######(#
...)....@.<..[(#
#######.######## #.#
#.# #.# ... ..# ..


You could see an orc priest, 3 orcs and a rat.

Vanquished Creatures
  A gnoll (D:2)
  2 adders
  2 worms (D:2)
  A dart slug (D:2)
  3 leopard geckos
  An orc (D:3)
  3 giant cockroaches
  2 goblins
  3 hobgoblins
  5 kobolds
  3 bats
  A frilled lizard (D:2)
  8 rats
35 creatures vanquished.

Vanquished Creatures (collateral kills)
  An orc priest (D:2)
  3 gnolls (D:2)
  A hobgoblin (D:3)
  A frilled lizard (D:3)
6 creatures vanquished.

Grand Total: 41 creatures vanquished

Notes
Turn   | Place    | Note
-------+----------+-------------------------------------------
     0 | D:1      | aspa the Octopode Wizard began the quest for the Orb.
     0 | D:1      | Reached XP level 1. HP: 11/11 MP: 4/4
   205 | D:1      | Reached XP level 2. HP: 17/17 MP: 0/6
   209 | D:1      | Learned a level 2 spell: Call Imp
   953 | D:2      | Reached XP level 3. HP: 21/21 MP: 8/8
   979 | D:2      | Reached skill level 4 in Spellcasting
  1084 | D:2      | Learned a level 3 spell: Conjure Flame
  1088 | D:2      | Learned a level 3 spell: Mephitic Cloud
  1137 | D:2      | Reached XP level 4. HP: 27/27 MP: 7/10
  1145 | D:2      | Learned a level 2 spell: Blink
  2177 | D:3      | Noticed Natasha
  2206 | D:3      | Killed from afar by an orc priest

Vault maps used:
D:1:      scummos_arrival_star, hangedman_decor_push
D:3:      kennysheep_okawaru_gauntlet, uniq_grinder, uniq_natasha

Skill      XL: |  1  2  3 |
---------------+----------+-----
Spellcasting   | 4 |  4.4
Conjurations   | 2 |  2.6
Dodging        | |  2.0
Stealth        | |  2.6
Summonings     | |  1.0
Translocations | |  1.0

Action                   |  1- 3 |  4- 6 || total
-------------------------+-------+-------++-------
Melee: Unarmed           |    15 |       ||    15
       Constrict         |     4 |     1 ||     5
       Dagger            |     5 |       ||     5
       Tentacles         |     1 |     1 ||     2
       Whip              |       |     4 ||     4
 Cast: Magic Dart        |    61 |    43 ||   104
       Call Imp          |     4 |     6 ||    10
       Blink             |       |     2 ||     2
  Use: Scroll            |     3 |     1 ||     4
       Potion            |       |     1 ||     1
  Eat: Chunk             |     1 |     3 ||     4
Armor: Skin              |     1 |     3 ||     4
Dodge: Dodged            |    15 |    11 ||    26
Block: Other             |     4 |     1 ||     5
       Reflection        |       |     1 ||     1

Table legend:
 A = Spawn XP
 B = Non-spawn XP
 C = Spawn XP percentage of total XP
 D = Spawn monster count
 E = Non-spawn monster count
 F = Spawn count percentage of total count
 G = Total turns spent on level
                    A         B        C        D         E        F      G
               +---------+---------+-------+---------+---------+-------+---------
         Total |       0 |     148 |   0.0 |       0 |      41 |   0.0 |  2206
               +---------+---------+-------+---------+---------+-------+---------
           D:1 |       0 |      18 |   0.0 |       0 |      11 |   0.0 |   562
           D:2 |       0 |     107 |   0.0 |       0 |      22 |   0.0 |  1566
           D:3 |       0 |      23 |   0.0 |       0 |       8 |   0.0 |    78
               +---------+---------+-------+---------+---------+-------+---------
